[Event "Late-Titled-Tuesday-Blitz-January-30-2024"]
[Site "Chess.com"]
[Date "2024.01.30"]
[Round "4"]
[White "JakubPulpan"]
[Black "lupta_robin"]
[Result "1/2-1/2"]
[WhiteElo "2702"]
[BlackElo "2524"]
[TimeControl "180+1"]
[EndTime "14:39:53 PST"]
[Termination "Game drawn by repetition"]

1. a3 e5 2. g3 d5 3. Bg2 Nf6 4. b4 Bd6 5. Bb2 O-O 6. d3 Re8 7. c4 c6 8. cxd5 cxd5 9. Nc3 d4 10. Nb1 a5 11. bxa5 Qxa5+ 12. Nd2 e4 13. dxe4 Nxe4 14.
Nf3 d3 15. e3 Bg4 16. O-O Nxd2 17. Qxd2 Qxd2 18. Nxd2 Nc6 19. Rfc1 Na5 20. Bf1 Bf5 21. e4 Bxe4 22. Nxe4 Rxe4 23. Bxd3 Re7 24. Rd1 Bc5 25. a4 b6 26. Ba3 Nb3 27. Bxc5 Nxc5 28. Bb5 g6 29. Rd5 Rea7 30. Rb1 Nxa4 31. Bc6 Rc8 32. Bxa4 Rxa4 33. Rxb6 Ra7 34. Rd1 Re7 35. Rbb1 Kg7 36.
Rf1 h5 37. h4 Rc2 38. Kg2 Ree2 39. Rb3 f6 40. Rb7+ Kh6 41. Rb6 Kg7 42. Kg1 g5 43. hxg5 fxg5 44. Rb5 Kg6 45. Rb6+ Kf5 46. Kg2 Kg4 47.
Rb4+ Kf5 48. Rb3 Kg4 49. Rb8 Rb2 50. Rf8 h4 51. gxh4 gxh4 52. Rg8+ Kh5 53. Rf8 Kg4 54. Rg8+ Kh5 55. Rg7 Ra2 56. Rh7+ Kg4 57. Rg7+ Kh5 58.
Kg1 Red2 59. Rg2 Rd4 60. Rb1 Ra5 61. Rb8 Rd6 62. Rh8+ Rh6 63. Rhg8 Rf5 64. Kh2 Rhf6 65. Rh8+ Rh6 66. Rhg8 Rhf6 67. Kg1 Rh6 68. Kf1 Rhf6 69. Kg1 Rh6 1/2-1/2

[Event "Late-Titled-Tuesday-Blitz-January-30-2024"]
[Site "Chess.com"]
[Date "2024.01.30"]
[Round "4"]
[White "annasargsyan_m"]
[Black "rquery98"]
[Result "0-1"]
[WhiteElo "2535"]
[BlackElo "2726"]
[TimeControl "180+1"]
[EndTime "14:39:54 PST"]
[Termination "rquery98 won on time"]

1. d4 d5 2. c4 e6 3. Nf3 Nf6 4. Nc3 a6 5. cxd5 exd5 6. Qb3 b5 7. Bg5 Be6 8. e3 Nbd7 9. Bd3 Bd6 10. O-O c5 11. dxc5 Nxc5 12. Qc2 h6 13. Bh4 Rc8 14.
Qe2 b4 15. Nb1 O-O 16. Nbd2 a5 17. Nd4 Bg4 18. f3 Bd7 19. Bb5 a4 20. Rfd1 Re8 21.
Bxd7 Ncxd7 22. Nf1 Qb6 23. Qb5 Qxb5 24. Nxb5 Bc5 25.
Bf2 Ne5 26. Rac1 Nc4 27. b3 axb3 28. axb3 Na3 29. Nd4 Bxd4 30. Rxc8 Rxc8 31. Rxd4 Nc2 32. Rd3 Rc3 33. Rd2 Na1 34. Ra2 Nxb3 35. Be1 Rc4 36.
Rb2 Nc1 37. Rxb4 Rc2 38. Rd4 Nb3 39. Rd3 Nc5 40. Rd2 Rc4 41. Bg3 Ne6 42. Be5 Rc5 43. Bxf6 gxf6 44. Kf2 Kf8 45. Ng3 Ng7 46. Ne2 Ke7 47.
g4 Kd6 48. Ng3 Rc4 49. h4 Ke6 50. f4 Ra4 51. Kf3 Ra3 52. Ne2 Kd6 53. Nd4 Ra4 54. Rc2 Ra6 55. Rb2 Kc7 56. Rc2+ Kd7 57. h5 Ne6 58. Nf5 Ra3 59. Rd2 Kc6 60. Kf2 Nc5 61. Nd4+ Kb6 62. Rb2+ Ka6 63. Kf3 Ne4 64. Nf5 Ra1 65. Rc2 Rf1+ 66. Ke2 Rf2+ 67. Kd3 Rf1 68. Kd4 Rd1+ 0-1

[Event "Late-Titled-Tuesday-Blitz-January-30-2024"]
[Site "Chess.com"]
[Date "2024.01.30"]
[Round "4"]
[White "sjoerd893"]
[Black "Viktor_Poddubnyi"]
[Result "0-1"]
[WhiteElo "2493"]
[BlackElo "2325"]
[TimeControl "180+1"]
[EndTime "14:39:59 PST"]
[Termination "Viktor_Poddubnyi won by checkmate"]

1. e4 g6 2. d4 Bg7 3. Nc3 d6 4.
Be3 a6 5. f3 b5 6. Qd2 Bb7 7.
O-O-O Nd7 8. g4 h5 9. gxh5 Rxh5 10. Nge2 Ngf6 11. Nf4 Rh7 12. Rg1 e6 13. Bd3 Qe7 14. d5 e5 15. Nfe2 Rxh2 16. a4 b4 17. Nb1 a5 18.
Rh1 Rxh1 19. Rxh1 Nh5 20. c3 bxc3 21. Nbxc3 Nc5 22. Bb5+ Kf8 23. Bh6 Nb3+ 24. Kc2 Nxd2 25. Bxd2 Ba6 26. Bc6 Rb8 27. Nc1 Nf4 28. b3 Qg5 29.
Nb5 Qg2 30. Rd1 Bxb5 31. axb5 Ne2 32. Nxe2 Qxe2 33. Kc1 Qxf3 34. Bxa5 Qxe4 35. Bxc7 Bh6+ 36. Kb2 Qe2+ 37. Ka3 Qxd1 38. Bxd6+ Kg7 39. Bxe5+ f6 40. Bxb8 Qa1+ 41. Kb4 Bd2+ 42. Kc5 Qa5 43. d6 Bb4+ 44. Kd5 Qa1 45. Ke6 Qe1+ 46. Kd7 Qd1 47. b6 Qxb3 48. Bc7 Qf7+ 49. Kc8 Qf8+ 50. Kd7 Kf7 51.
Bd8 Qe8+ 52. Kc7 Bxd6+ 53. Kxd6 Qxd8+ 54. Kc5 Qb8 55. b7 f5 56. Kd4 Kf6 57. Bd5 g5 58. Kd3 g4 59. Ke2 Kg5 60. Kf2 f4 61. Be4 f3 62. Kg1 Kf4 63. Bc6 g3 64. Kh1 g2+ 65. Kg1 Qa7+ 66. Kh2 g1=Q+ 67. Kh3 Qg3# 0-1

[Event "Late-Titled-Tuesday-Blitz-January-30-2024"]
[Site "Chess.com"]
[Date "2024.01.30"]
[Round "4"]
[White "el008"]
[Black "Kildepiotr"]
[Result "0-1"]
[WhiteElo "2504"]
[BlackElo "2697"]
[TimeControl "180+1"]
[EndTime "14:40:03 PST"]
[Termination "Kildepiotr won by resignation"]

1. Nf3 g6 2. e4 Bg7 3. d4 c6 4. c3 d6 5. Bd3 Nd7 6. h3 e5 7. O-O Ngf6 8. Be3 O-O 9. Nbd2 Re8 10. a4 Qc7 11. Re1 b6 12. Qe2 a6 13.
dxe5 dxe5 14. Red1 Bb7 15. Bc2 b5 16. c4 b4 17. c5 Bf8 18. Qc4 a5 19. Bb3 Nb8 20. Qc2 Ba6 21. Ng5 Re7 22. Nc4 Bxc4 23. Bxc4 h6 24. Nf3 Rd7 25. Nd2 Nh5 26. Nb3 Nf4 27. Bxf4 exf4 28. e5 Qxe5 29. Rxd7 Nxd7 30. Qxg6+ Qg7 31.
Bxf7+ Kh8 32. Qxg7+ Bxg7 33. Rd1 Ne5 34. Be6 Re8 35.
Bf5 Nc4 36. Rc1 Nxb2 37. Bd7 Rb8 38. Bxc6 Nd3 39. Rd1 Ne5 40. Bb5 f3 41. c6 Rc8 42.
Nxa5 fxg2 43. f4 Ng6 44. Ba6 Rc7 45. Rd8+ Nf8 46. Rc8 Rxc8 47. Bxc8 Ng6 48. Bf5 Nxf4 49. Nb3 Be5 50. Be4 Kg7 51. Bxg2 Kf6 52. a5 Ke7 53. a6 Bb8 54. Kf1 Kd6 55. Bf3 Nxh3 56. Ke2 Ng5 57. Bg2 Ne6 58. Kf2 Ba7+ 59. Ke1 Nd8 60. Na5 Kc7 61. Kd2 Bb6 62. Nc4 Nxc6 63. Nxb6 Kxb6 64. Kd3 Na5 65. Kd4 Kxa6 66. Bd5 Kb5 67. Be4 Ka4 68.
Bc2+ Ka3 69. Kd3 b3 70. Bd1 b2 71. Bc2 Ka2 72. Ke3 Nc6 73. Kf4 Ne7 74. Ke5 b1=Q 75. Bxb1+ Kxb1 76. Kf4 Ng8 77. Kg4 Kc2 78. Kh5 Kd3 0-1

[Event "Late-Titled-Tuesday-Blitz-January-30-2024"]
[Site "Chess.com"]
[Date "2024.01.30"]
[Round "4"]
[White "finec2"]
[Black "katharinareinecke"]
[Result "1-0"]
[WhiteElo "2233"]
[BlackElo "1970"]
[TimeControl "180+1"]
[EndTime "14:40:05 PST"]
[Termination "finec2 won by checkmate"]

1. d4 d5 2. Bf4 Nf6 3. e3 e6 4. Nd2 Bd6 5. Bg3 O-O 6. Bd3 b6 7. Ngf3 c5 8. c3 Nc6 9. Ne5 Bb7 10. O-O cxd4 11. exd4 g6 12. Bb5 Rc8 13. Nxc6 Bxc6 14.
Ba6 Rc7 15. Bxd6 Qxd6 16. Bd3 Bb7 17. Nf3 Ne4 18. Qe2 f5 19. Ne5 Re8 20. f3 Nf6 21.
Rae1 Nh5 22. g3 Nf6 23. Qe3 Nd7 24. Qg5 Kg7 25. h4 Nf8 26. Kg2 h6 27. Qf4 Qe7 28. Rh1 Qf6 29. g4 Bc8 30. g5 Qe7 31. gxh6+ Kh7 32.
Qg5 Qxg5+ 33. hxg5 Nd7 34. Re2 Nb8 35. Rhe1 Nc6 36.
f4 Na5 37. Nf3 Rd8 38. Nd2 a6 39. Nb3 Nc6 40. Re3 b5 41. a3 Ne7 42. Nc1 Nc6 43. Ne2 Na5 44. Ng3 Nc4 45. R1e2 Rf7 46. Rf3 Bd7 47. Nf1 Rc8 48. Ne3 Rc7 49. Nd1 Rf8 50. Rh3 Rfc8 51. Ne3 Rb8 52. Nf1 Rbc8 53. Nh2 Rb8 54. Nf3 Rbc8 55. Ne5 Rb8 56. Re1 Bc8 57. Bxc4 bxc4 58. Re2 Rcb7 59. Kf3 Rxb2 60. Rxb2 Rxb2 61. Nxg6 Kxg6 62. h7 Rb3 63. h8=Q Rxc3+ 64. Ke2 Rc2+ 65. Kd1 Ra2 66. Rh6+ Kf7 67. Qh7+ Ke8 68. Qg7 Kd8 69. Rh8# 1-0

[Event "Late-Titled-Tuesday-Blitz-January-30-2024"]
[Site "Chess.com"]
[Date "2024.01.30"]
[Round "4"]
[White "klimkoj"]
[Black "Chessdreamer2020"]
[Result "1-0"]
[WhiteElo "2923"]
[BlackElo "2575"]
[TimeControl "180+1"]
[EndTime "14:40:08 PST"]
[Termination "klimkoj won by checkmate"]

1. c4 d6 2. d4 e5 3. Nc3 exd4 4. Qxd4 Nc6 5. Qd1 Nf6 6. g3 a5 7. Bg2 Be6 8. b3 Be7 9. Bb2 O-O 10. Nf3 Qd7 11.
O-O Bh3 12. Nd5 Bxg2 13. Kxg2 Nxd5 14. cxd5 Nb4 15. e4 Rfe8 16. a3 Na6 17. Qc2 Rac8 18. Rad1 Bf8 19. Nd4 c6 20. dxc6 bxc6 21. Nf5 Qe6 22.
Rfe1 Nc5 23. Nd4 Qg6 24. f3 d5 25. exd5 Qxc2+ 26. Nxc2 Rxe1 27. Nxe1 cxd5 28. b4 axb4 29. axb4 Na4 30. Ba3 Nb6 31. Nd3 Rc3 32. Bb2 Rb3 33. Bd4 Nc4 34. Bf2 f6 35. g4 Kf7 36.
h4 Nb2 37. Nxb2 Rxb2 38. Rxd5 Bxb4 39. Kg3 Be7 40. Rd7 Ke6 41. Ra7 Rc2 42. Ra6+ Bd6+ 43. f4 Rc3+ 44. Kg2 Kd7 45. f5 Rc2 46. Kf3 Rc3+ 47.
Kg2 Rc2 48. Kf3 Rc3+ 49. Ke4 Rc4+ 50. Kd5 Rxg4 51. Rxd6+ Ke7 52. Bc5 Kf7 53. Rd7+ Ke8 54. Re7+ Kd8 55. Kc6 Rxh4 56. Re1 Rf4 57. Bb6+ Kc8 58.
Re8# 1-0

[Event "Late-Titled-Tuesday-Blitz-January-30-2024"]
[Site "Chess.com"]
[Date "2024.01.30"]
[Round "4"]
[White "Lady_Nika"]
[Black "Seochesspie"]
[Result "0-1"]
[WhiteElo "2583"]
[BlackElo "2850"]
[TimeControl "180+1"]
[EndTime "14:40:18 PST"]
[Termination "Seochesspie won by resignation"]

1. d4 Nf6 2. e3 g6 3. c4 Bg7 4.
Nc3 O-O 5. Nf3 d6 6. Be2 c5 7. d5 e6 8. O-O exd5 9. Nxd5 Re8 10. Nc3 a6 11. a4 Nc6 12. Ra3 h6 13. Bd2 Be6 14.
Rb3 Na5 15. Nd5 Nxb3 16. Qxb3 Rb8 17. a5 Nxd5 18. cxd5 Bd7 19. Re1 b5 20. Bf1 Bf5 21. Bc3 Be4 22. Bxg7 Kxg7 23. Nd2 c4 24. Qc3+ Qf6 25.
Nxe4 Rxe4 26. Qd2 Rc8 27. Rc1 h5 28. f3 Ree8 29. Kf2 Qe5 30. Qc3 Qxc3 31. bxc3 Re5 32.
Rd1 Rc5 33. e4 f5 34. Ke3 Rc8 35. g3 Rce8 36. Bg2 fxe4 37. fxe4 Rf8 38. Rd2 g5 39. Kd4 g4 40. Ke3 Kh6 41. Rb2 Kg5 42. Rd2 h4 43. gxh4+ Kxh4 44. Bh1 Rf1 45. Bg2 Ra1 46. Kd4 g3 47. hxg3+ Kxg3 48. Ke3 Rxa5 49. Bf3 Ra1 50. Rg2+ Kh3 51. Kf4 Rf1 52. Rg6 Rh5 53. Rxd6 Rh8 54. Rf6 b4 55. Ke3 b3 56. Rb6 Kg3 57. Be2 Rc1 58.
Bxc4 Rxc3+ 59. Kd4 Rc1 60. Rxb3+ Kf4 61. d6 a5 62. Rb5 Rd1+ 63. Bd3 Rh3 64. Rf5+ Kg4 65. Kc5 Rhxd3 66. Rf8 Rxd6 0-1

[Event "Late-Titled-Tuesday-Blitz-January-30-2024"]
[Site "Chess.com"]
[Date "2024.01.30"]
[Round "4"]
[White "TigrVShlyape"]
[Black "AradNazari"]
[Result "1-0"]
[WhiteElo "2938"]
[BlackElo "2699"]
[TimeControl "180+1"]
[EndTime "14:40:22 PST"]
[Termination "TigrVShlyape won on time"]

1. e4 c5 2. Nf3 d6 3. d4 cxd4 4. Nxd4 Nf6 5. Nc3 a6 6. a4 g6 7. Be2 Bg7 8. O-O O-O 9. Be3 Nc6 10. Qd2 Ng4 11. Bxg4 Bxg4 12. f3 Nxd4 13. Bxd4 Be6 14. Bxg7 Kxg7 15. Qd4+ Kg8 16. f4 Rc8 17. f5 Bc4 18. Rf3 e5 19. Qe3 f6 20. fxg6 hxg6 21. Qh6 Rc7 22. b3 Be6 23. Qxg6+ Rg7 24. Qh6 Bg4 25. Rg3 Qb6+ 26. Qe3 Qxe3+ 27. Rxe3 Rc8 28.
Ra2 Be6 29. Nd1 Rgc7 30. Rg3+ Kf7 31. Ne3 Rc3 32. Kf2 Rh8 33. h3 Rh4 34. Nf5 Rf4+ 35. Kg1 Rc6 36. Nh6+ Kf8 37. c4 Rxe4 38. Rf2 Rf4 39.
Rxf4 exf4 40. Rg6 d5 41. Rxf6+ Kg7 42. Ng4 dxc4 43. bxc4 Bxc4 44. Rxf4 b5 45. axb5 axb5 46. Ne5 Rc5 47. Nxc4 bxc4 48. Rf2 c3 49. Rc2 Kf6 50.
Kf2 Kg5 51. Ke3 Kh4 52. Kd4 Rc8 53. Rxc3 Rd8+ 54. Ke5 Rf8 55. g4 Re8+ 56. Kf6 Rf8+ 57.
Kg7 Rd8 58. Rc5 Rd7+ 59. Kf6 Rd6+ 60. Ke7 Rg6 61. Rh5+ Kg3 62. Kf7 Rb6 63. g5 Rb7+ 64. Ke6 Rb6+ 65. Kf5 Rb5+ 66. Ke4 Rb4+ 67. Kd5 Rb5+ 68.
Kc6 Ra5 69. h4 Kg4 70. Rh6 Ra8 71. g6 Kf5 72. h5 Kf6 73. Rh7 Kg5 74. g7 Rg8 75. h6 1-0

[Event "Late-Titled-Tuesday-Blitz-January-30-2024"]
[Site "Chess.com"]
[Date "2024.01.30"]
[Round "4"]
[White "ARTHURMOTIVATOR"]
[Black "WPWPWP-2015"]
[Result "0-1"]
[WhiteElo "2266"]
[BlackElo "2486"]
[TimeControl "180+1"]
[EndTime "14:40:31 PST"]
[Termination "WPWPWP-2015 won by checkmate"]

1. e4 c5 2. Nf3 d6 3. d4 cxd4 4. Nxd4 Nf6 5. Nc3 a6 6. Be3 e6 7. Qf3 Nbd7 8. O-O-O Qc7 9. Be2 b5 10. Rhe1 b4 11. Nd5 Qa5 12. Nxf6+ Nxf6 13. e5 Nd5 14. Nc6 Qxa2 15. exd6 Bxd6 16. Rxd5 Qxd5 17. Qxd5 exd5 18. Bf3 Be6 19. Bd4 O-O 20. Ne5 Rfe8 21.
Rd1 Rac8 22. Nd3 a5 23. b3 f6 24. Kb2 Kf7 25. Ra1 Ra8 26. Bb6 Reb8 27. Bxa5 Rb5 28. Bxb4 Rxa1 29. Bxd6 Ra6 30. Bc5 g5 31. b4 g4 32. Be2 Ra8 33. Kc3 Rb7 34. Kd4 Ra2 35. Bd1 Ra1 36. Be2 Ra2 37. Bd1 h5 38. Nf4 h4 39. Nxe6 Kxe6 40. Bxg4+ f5 41. Bf3 Rd7 42. c3 Rd2+ 43. Ke3 Rc2 44. Bd4 Re7 45. g3 h3 46.
g4 Rb2 47. Kd3 f4 48. g5 Kf5 49. Bxd5 Kxg5 50. Bc5 Rd7 51. Kc4 Rd2 52. b5 R2xd5 53. b6 Rf5 54. Bd4 Kg4 55. Kd3 Kf3 56. c4 Kg2 57. c5 Rfd5 58. c6 Rxd4+ 59. Kc3 Rd3+ 60. Kc4 Rd1 61. cxd7 Rxd7 62. Kc5 f3 63. Kc6 Rh7 64. b7 Rxb7 65. Kxb7 Kxh2 66. Kc6 Kg2 67. Kd5 h2 68. Ke4 h1=Q 69. Kf4 Kxf2 70. Kf5 Qh4 71.
Ke5 Qg4 72. Kd5 Ke3 73. Kd6 Qf5 74. Kc6 Qe5 75. Kb7 Ke4 76. Ka8 Kd5 77. Kb7 Kd6 78.
Kc8 Kc6 79. Kd8 Qg7 80. Ke8 f2 81. Kd8 Qf8# 0-1

[Event "Late-Titled-Tuesday-Blitz-January-30-2024"]
[Site "Chess.com"]
[Date "2024.01.30"]
[Round "4"]
[White "M1711"]
[Black "Sandpacer"]
[Result "0-1"]
[WhiteElo "2662"]
[BlackElo "2488"]
[TimeControl "180+1"]
[EndTime "14:40:38 PST"]
[Termination "Sandpacer won on time"]

1. e4 e5 2. Nf3 Nc6 3. Nc3 Nf6 4. d4 exd4 5. Nxd4 Bb4 6. Nxc6 bxc6 7. Bd3 d6 8. O-O h6 9. Qf3 O-O 10. e5 dxe5 11.
Qxc6 Rb8 12. Ne4 Nd5 13. Rd1 Rb6 14. Qa4 Bg4 15. f3 Be6 16. Bc4 c6 17. c3 Be7 18.
Kh1 f5 19. Ng3 Qb8 20. Qc2 Kh8 21. Qe2 Bf6 22. a4 a5 23. Nf1 Nf4 24. Bxf4 Bxc4 25.
Qxc4 exf4 26. b4 axb4 27. a5 Rb5 28. a6 bxc3 29. Qxc6 Rb6 30. Qc5 c2 31. a7 cxd1=Q 32. axb8=Q Qxf1+ 33. Rxf1 Rfxb8 34. Qxf5 Rb4 35. Rc1 Bd4 36.
Rd1 Be3 37. h4 R4b5 38. Qg6 R5b6 39. Qg4 Rf6 40. h5 Rbf8 41. Kh2 R6f7 42. Rd6 Rf6 43. Rd7 R6f7 44. Rd3 Re7 45. Qg6 Rfe8 46. Rd6 Rf8 47. Rc6 Rd7 48. Re6 Bd4 49. Re8 Rd8 50. Re4 Bf6 51.
Kh3 Bg5 52. Rc4 Rd1 53. Rc7 Rg8 54. Kh2 Bh4 55. Rc4 Bg3+ 56. Kh3 Rh1+ 57. Kg4 Rf8 58. Rxf4 Bxf4 59. g3 Bg5 60. f4 Bf6 61. Qe4 Rc1 62. Qe6 Rcc8 63. Qe4 Rce8 64. Qg6 Re6 65. Qf5 Rfe8 66.
Qd5 Re3 67. Qc6 Bd8 68. Qd7 Ba5 69. Qb5 Be1 70. Kf5 Bxg3 71. Qc6 Rf8+ 72. Kg4 Rxf4+ 73.
Kh3 Be1+ 74. Kg2 Rf8 75. Qd6 Rfe8 76. Qc6 Bg3 77. Kh3 Bf4+ 78. Kg2 Bg5 79. Kf2 Rf8+ 80.
Kg2 Rd8 81. Qb6 Rd2+ 82. Kf1 Re8 83. Qc6 Rb8 84. Qg6 Rbd8 85. Qc6 Rf8+ 86. Ke1 Rh2 87. Qd5 Rb2 0-1

[Event "Late-Titled-Tuesday-Blitz-January-30-2024"]
[Site "Chess.com"]
[Date "2024.01.30"]
[Round "4"]
[White "wqws"]
[Black "ChristopherYoo"]
[Result "0-1"]
[WhiteElo "2608"]
[BlackElo "2929"]
[TimeControl "180+1"]
[EndTime "14:40:40 PST"]
[Termination "ChristopherYoo won on time"]

1. e4 e6 2. d4 d5 3. Nc3 Bb4 4.
e5 c5 5. a3 Ba5 6. b4 cxd4 7.
Nb5 Bc7 8. f4 Bd7 9. Nxc7+ Qxc7 10.
Nf3 Ba4 11. Bd3 Ne7 12. O-O Nbc6 13. Bb2 a6 14. Nxd4 Nxd4 15. Bxd4 Bb5 16. Bc5 Bxd3 17. Qxd3 O-O 18. g4 f5 19. h3 Rf7 20. g5 Rc8 21. Rf2 Ng6 22. Rc1 b6 23. Bd6 Qc4 24.
Qe3 d4 25. Qd2 Nh4 26. Rd1 Qd5 27.
Qd3 a5 28. Kh2 axb4 29. axb4 Ra7 30. Kg3 Ng6 31. Qxd4 Ra3+ 32. Kh2 Qxd4 33. Rxd4 Rcc3 34. Rd3 Rxd3 35. cxd3 Rxd3 36. Kg2 b5 37. Bc5 Kf7 38. Kh2 Rc3 39. Bd6 Re3 40. Bc5 Re4 41.
Kg3 Rc4 42. Rf3 Rc2 43. h4 h5 44. Rd3 Rg2+ 45. Kf3 Nxh4+ 46. Ke3 Rg3+ 47. Ke2 Rxd3 48. Kxd3 Ng2 49. Bf2 Nxf4+ 50. Kd4 Nd5 51. Kc5 Nc3 52. Be1 Ne4+ 53. Kxb5 f4 54. Kc6 f3 55. b5 f2 56.
Bxf2 Nxf2 57. b6 h4 58. b7 h3 59. b8=Q h2 60. g6+ Kxg6 61. Qe8+ Kg5 62. Qe7+ Kg4 63. Qxg7+ Kh3 64. Qh6+ Kg3 65. Qg6+ Ng4 66. Qe4 Nf2 67. Qg6+ Kf3 68. Qh5+ Kg2 69. Qg6+ Kf1 70. Qb1+ Ke2 71. Qc2+ Kf3 72. Qb3+ Kg4 0-1

[Event "Late-Titled-Tuesday-Blitz-January-30-2024"]
[Site "Chess.com"]
[Date "2024.01.30"]
[Round "4"]
[White "egnfanclub"]
[Black "jaskol95"]
[Result "0-1"]
[WhiteElo "2366"]
[BlackElo "2539"]
[TimeControl "180+1"]
[EndTime "14:40:52 PST"]
[Termination "jaskol95 won on time"]

1. e4 d5 2. exd5 Nf6 3. d4 Bg4 4. Be2 Bxe2 5. Qxe2 Qxd5 6. Nf3 Nc6 7. c4 Qe4 8. Nc3 Qxe2+ 9. Kxe2 e6 10. Bf4 O-O-O 11. Rhd1 a6 12. a3 Bd6 13. Bg3 Bxg3 14. hxg3 Rd7 15.
Rd2 Rhd8 16. Rad1 Ne8 17. b4 f6 18. b5 axb5 19. cxb5 Ne7 20. Ne4 b6 21. a4 Kb7 22.
a5 Nd6 23. a6+ Ka7 24. Nc5 Nxb5 25. Nxd7 Nc3+ 26. Ke1 Nxd1 27. Nxb6 cxb6 28. Kxd1 Kxa6 29. Ra2+ Kb7 30. Ke2 Nc6 31. Ke3 Nb4 32. Rb2 Nd5+ 33. Ke4 Rc8 34. Nd2 Nc3+ 35. Kf3 Rd8 36. Nb3 Nd5 37.
Nc5+ Kc6 38. Nxe6 Rd7 39. Rc2+ Kd6 40. Nf4 Rb7 41. Ke4 Nxf4 42. gxf4 b5 43. d5 b4 44. Kd4 b3 45. Rb2 Rb4+ 46. Kc3 Rxf4 47. f3 Kxd5 48.
Rxb3 Rc4+ 49. Kd3 Rc7 50. Rb5+ Ke6 51. Ke4 Rc4+ 52. Ke3 Kf7 53. Rb7+ Kg6 54. g4 h6 55.
Ra7 Rc5 56. Kf4 Rc4+ 57. Kg3 Rc5 58. Rb7 h5 59. gxh5+ Rxh5 60. f4 Ra5 61. Kg4 Kh6 62. Rb6 Kh7 63. Rb7 Rc5 64. Ra7 Rd5 65. Rb7 Ra5 66. Rd7 Kh6 67. Rd6 Kh7 68. Rd7 Ra6 69.
Rc7 Kh6 70. Rb7 g6 71. Rb5 Ra3 72. Kh4 Ra4 73. Kg4 g5 74. Rf5 Kg6 75. Rb5 Rxf4+ 76.
Kg3 Ra4 77. Rb8 Kf5 78. Rb5+ Kg6 79. Rb6 Ra3+ 80. Kg2 Kf5 81. Rb5+ Kg4 82. Rb4+ Kh5 83. Rb8 f5 84. Rh8+ Kg4 85. Rb8 Ra2+ 86. Kf1 f4 87. Rb3 f3 88. Rb5 Kf4 0-1

[Event "Late-Titled-Tuesday-Blitz-January-30-2024"]
[Site "Chess.com"]
[Date "2024.01.30"]
[Round "4"]
[White "TimGrutter03"]
[Black "sari07"]
[Result "1/2-1/2"]
[WhiteElo "2583"]
[BlackElo "2410"]
[TimeControl "180+1"]
[EndTime "14:41:14 PST"]
[Termination "Game drawn by repetition"]

1. e4 e5 2. Nf3 Nc6 3. d4 exd4 4. Bc4 Nf6 5. O-O Nxe4 6. Re1 d5 7. Nc3 dxc4 8. Rxe4+ Be7 9. Nxd4 O-O 10. Nxc6 bxc6 11.
Bf4 Be6 12. Qe2 Kh8 13. Rd1 Qb8 14. Bc1 Bf6 15. g4 Rd8 16. Re1 Rd4 17. g5 Rxe4 18. Qxe4 Bxc3 19. bxc3 Bd5 20. Qe5 Qc8 21. Qf4 Qd7 22. Be3 Re8 23. Rb1 Qh3 24. Qg3 Qf5 25. h4 Qe4 26. Kh2 Qxc2 27. Rg1 Qxc3 28. h5 Qd3 29. h6 Qg6 30. Bd4 Qh5+ 31. Qh3 Qxh3+ 32.
Kxh3 Kg8 33. hxg7 Re4 34. Bf6 Be6+ 35. Kh2 Rh4+ 36. Kg3 Rg4+ 37. Kh2 Rxg1 38. Kxg1 c3 39. Bxc3 Bxa2 40. f4 Be6 41. Kf2 Bf5 42. Ke3 a5 43. Kd2 a4 44. Kc1 Be4 45. Kb2 Bf5 46. Ka3 Bc2 47. Kb4 Bd1 48. Ka5 a3 49. Ka6 a2 50.
Kb7 c5 51. Kxc7 c4 52. Kd6 Be2 53. Ke7 Bd3 54. Ba1 Bb1 55. Kf6 Bd3 56. Ke7 Bc2 57.
Kd6 Bd3 58. Kc5 Bc2 59. Kb4 Bd3 60. Kc3 Be2 61. Kb2 Bd3 62. Kxa2 Bf5 63. Ka3 Bd3 64.
Kb4 Be2 65. Bf6 Bd3 66. Kc3 Be2 67. Kd2 Bd3 68. Ke3 Bf5 69. Kf2 Bd3 70. Kg3 Bf5 71. Kh4 Bd3 72. Kg4 Be4 73. f5 Bd3 74. Bc3 Bc2 75.
Kf4 Bb1 76. Ke5 Bd3 77. Kf6 Bc2 78. Bd2 Bb1 79. Be1 Bc2 80. Bc3 Bb1 81. Ke5 Bc2 82.
Kf4 Bd3 83. Kg4 Bc2 84. g6 hxg6 85. f6 Bf5+ 86. Kg5 Be6 87. Kh6 Bd5 88. Be5 Be6 89.
Bf4 Bd5 90. Bc1 Be4 91. Kg5 Bd3 92. Kf4 Bc2 93. Ke3 g5 94. Kd4 g4 95. Kxc4 g3 96.
Be3 g2 97. Kc3 Bd1 98. Kd2 Bf3 99. Ke1 Ba8 100. Kf2 Bb7 101. Kg1 Ba8 102. Kh2 Bb7 103. Kg3 Ba8 104. Kf4 Bb7 105. Ke5 Ba8 106. Bg1 Bb7 107. Kd6 Ba8 108. Kc7 Bf3 109. Kb6 Be2 110. Kc5 Bf3 111. Kd4 Ba8 112. Ke3 Bb7 113. Kf2 Ba8 114. Kg3 Bb7 115. Kf2 Ba8 116. Kg3 Bb7 117. Kf2 1/2-1/2

[Event "Late-Titled-Tuesday-Blitz-January-30-2024"]
[Site "Chess.com"]
[Date "2024.01.30"]
[Round "4"]
[White "Durarbayli"]
[Black "Hikaru"]
[Result "0-1"]
[WhiteElo "2911"]
[BlackElo "3293"]
[TimeControl "180+1"]
[EndTime "14:41:17 PST"]
[Termination "Hikaru won on time"]

1. e4 Nf6 2. e5 Nd5 3. d4 d6 4. c4 Nb6 5. exd6 exd6 6. Nc3 Be7 7. Bd3 O-O 8. Nge2 Bg4 9. O-O Nc6 10. Be3 Bf6 11. f3 Re8 12. Qd2 Bh5 13. b3 d5 14. c5 Nc8 15. Kh1 Bg6 16. Bxg6 hxg6 17. g4 Qd7 18. a3 Na5 19. Rab1 b6 20. Bg1 c6 21. Rfe1 Rb8 22. Qc2 Bd8 23. Na4 Bc7 24. Ng3 Rxe1 25. Rxe1 Ne7 26. Bf2 Rf8 27. Nb2 f5 28. b4 Nc4 29. Nxc4 dxc4 30. Qxc4+ Nd5 31. gxf5 Bxg3 32. Bxg3 Rxf5 33. Qe2 Kh7 34. Qe6 Qd8 35. Qxc6 Rxf3 36. Qe6 Nf4 37. Qe4 Qd5 38. Qxd5 Nxd5 39.
Rc1 Rf8 40. c6 Rc8 41. c7 Kg8 42. Kg2 Kf7 43. Kf3 Ke6 44. Ke4 Nf6+ 45. Kd3 Kd7 46. Be5 Nd5 47. Ke4 Nf6+ 48. Kd3 Nd5 49. b5 Rh8 50. Ke4 Ne7 51. Bg3 Re8 52. Kd3 Nd5 53. Be5 Rh8 54. Bxg7 Rh3+ 55. Ke4 Nxc7 56. Be5 Nxb5 57.
a4 Nc3+ 58. Kf4 Ne2+ 59. Kg4 Rc3 60. Re1 Rc2 61. h4 Rd2 62. Kg5 Nxd4 63. Kxg6 Nf3 64. Re3 Nxh4+ 65. Kg5 Ng2 66. Rh3 Ra2 67. Rh7+ Ke6 68.
Bg3 Rxa4 69. Rh2 Ra2 70. Kg6 Rc2 71. Bb8 a5 72. Kg5 a4 73. Rh6+ Kd5 74. Rxb6 Rc5 75. Ra6 Kc4+ 76. Kg4 Kb5 77. Ra7 Ne3+ 78. Kf3 Nc4 79.
Bf4 Rd5 80. Ke4 Rd8 81. Bc1 Kb4 82. Rb7+ Kc3 83. Ra7 Kb3 84. Rb7+ Kc3 85. Ra7 Re8+ 86. Kf3 Kb4 87. Rb7+ Kc5 88. Ra7 Kb5 89. Kf4 Nb6 90.
Kf3 Nd5 91. Bd2 Rd8 92. Ra5+ Kc4 93. Rxa4+ Kd3 94. Bf4 Rf8 95. Ra3+ Nc3 96. Ra7 Ne2 97. Kg4 Nd4 98. Bg5 Ne6 99. Ra3+ Ke4 100. Ra4+ Kd5 101. Ra5+ Kc4 102. Ra4+ Kb5 103. Re4 Nc7 104. Re5+ Kc4 105. Re7 Nd5 106. Re5 Rf1 107. Re8 Kd4 108. Rd8 Kc4 109.
Rc8+ Kb5 110. Rf8 Rxf8 0-1

[Event "Late-Titled-Tuesday-Blitz-January-30-2024"]
[Site "Chess.com"]
[Date "2024.01.30"]
[Round "4"]
[White "GHANDEEVAM2003"]
[Black "mbojan"]
[Result "0-1"]
[WhiteElo "3026"]
[BlackElo "2870"]
[TimeControl "180+1"]
[EndTime "14:42:03 PST"]
[Termination "mbojan won by checkmate"]

1. b3 g6 2. Bb2 Nf6 3. g3 Bg7 4.
Bg2 d6 5. Nf3 c5 6. O-O O-O 7.
d4 Nc6 8. d5 Nb4 9. c4 e5 10. a3 Na6 11. Nc3 Nc7 12. e4 a6 13.
b4 b6 14. Ne1 Bd7 15. bxc5 bxc5 16. Nd3 Kh8 17. f4 exf4 18. gxf4 Nce8 19. e5 Ng8 20. Ne4 Rb8 21. Qd2 Nh6 22. exd6 Rxb2 23. Nxb2 Nf5 24. Kh1 Qb6 25. Nd3 Bd4 26. Rab1 Qa7 27.
Ne5 Nexd6 28. Qd3 Nxe4 29. Bxe4 Nd6 30. Nxd7 Qxd7 31. f5 Re8 32. fxg6 hxg6 33. Bxg6 fxg6 34. Qxg6 Qh7 35. Qxh7+ Kxh7 36. Rb6 Nxc4 37. Rxa6 Ne3 38. Rf7+ Kg8 39. Rd7 c4 40. d6 c3 41. Re7 Rxe7 42.
dxe7 Kf7 43. a4 c2 44. Rc6 Kxe7 45. a5 Kd7 46. Rxc2 Nxc2 47. Kg2 Nb4 48. Kf3 Nc6 49. Ke4 Ba7 50. a6 Nb4 51. h4 Ke7 52. h5 Nxa6 53.
Kd5 Kf7 54. Kc6 Bf2 55. Kb5 Nc7+ 56. Kc6 Ne6 57. h6 Ng5 58. Kd5 Nh7 59. Ke4 Kg6 60. Kd5 Ba7 61. Ke4 Bb8 62. Kd5 Bc7 63. Ke4 Bd8 64. Kd5 Be7 65. Ke4 Bf8 66. Kd5 Ba3 67. Ke4 Bb2 68. Kd3 Bc1 69. Ke4 Bg5 70. Kf3 Nf6 71.
h7 Kxh7 72. Ke2 Kg6 73. Kd3 Kf5 74. Kd4 Bf4 75. Kd3 Ke5 76. Kc4 Ne4 77. Kd3 Kd5 78. Ke2 Ng5 79. Kd3 Nf3 80. Kc3 Ne5 81. Kb4 Be3 82.
Kc3 Kc5 83. Kc2 Kc4 84. Kd1 Kd3 85. Ke1 Nf3+ 86. Kf1 Nh4 87. Ke1 Ng2+ 88. Kf1 Nf4 89.
Ke1 Bc5 90. Kf1 Bb6 91. Ke1 Ke3 92. Kf1 Bc5 93. Ke1 Ne2 94. Kf1 Ng3+ 95. Ke1 Ne4 96. Kf1 Nf2 97. Kg2 Bd6 98. Kg1 Kf3 99. Kf1 Bh2 100.
Ke1 Ne4 101. Kf1 Nd2+ 102. Ke1 Ke3 103. Kd1 Kd3 104. Kc1 Be5 105. Kd1 Bg3 106. Kc1 Nc4 107. Kb1 Kc3 108. Ka2 Bd6 109. Kb1 Ba3 110. Ka2 Kc2 111. Ka1 Bd6 112. Ka2 Ne3 113. Ka1 Nd5 114. Ka2 Nc3+ 115. Ka1 Ne2 116. Ka2 Nc1+ 117. Ka1 Be5# 0-1